 Dungeon Crawl Stone Soup version 0.22.0-38-g04b72b8 (webtiles) character file.

172 Marcoleric the Covert (level 5, -1/26 HPs)
             Began as a Spriggan Assassin on Aug 30, 2018.
             Killed by nerve-wracking pain
             ... invoked by an orc priest
              (7 damage)
             ... on level 4 of the Dungeon.
             The game lasted 00:16:07 (3789 turns).

Marcoleric the Covert (Spriggan Assassin)           Turns: 3789, Time: 00:16:08

Health: -1/26      AC:  4    Str:  6 (7)  XL:     5   Next: 27%
Magic:  6/6        EV: 17    Int: 11 (12) God:
Gold:   172        SH:  0    Dex: 16 (19) Spells: 4/4 levels left

rFire    + . .     SeeInvis +   b - +0 blowgun
rCold    + + .     Gourm    .   (shield restricted)
rNeg     . . .     Faith    .   c - +1 robe
rPois    +         Spirit   .   (helmet restricted)
rElec    +         Reflect  .   d - +0 cloak
rCorr    +         Harm     .   (gloves unavailable)
MR       .....                  (boots unavailable)
Stlth    ++++......             (no amulet)
HPRegen  0.08/turn              h - ring of wizardry
MPRegen  0.10/turn              n - ring of protection from cold

@: resistant, flying, very quick
A: very small, unfitting armour, see invisible, herbivore, speed 3, slow
metabolism 2
a: no special abilities


You were on level 4 of the Dungeon.
You were not hungry.

You visited 1 branch of the dungeon, and saw 4 of its levels.

You collected 172 gold pieces.

Inventory:

Hand Weapons
 a - a +2 dagger
 b - a +0 blowgun (weapon)
Missiles
 e - 20 poisoned needles (quivered)
 f - a curare-tipped needle
Armour
 c - a +1 robe (worn)
 d - a +0 cloak (worn)
 m - a +0 pair of gloves
Jewellery
 h - a ring of wizardry (left hand)
 i - an uncursed amulet of harm
 n - a ring of protection from cold (right hand)
 u - an uncursed ring of fire {unknown}
Wands
 s - a wand of polymorph (6)
Scrolls
 k - a scroll of teleportation
 r - a scroll of identify
 t - a scroll of enchant armour
Potions
 j - 2 potions of degeneration
Comestibles
 g - 6 rations


   Skills:
 + Level 2.0 Fighting
 + Level 2.6 Short Blades
 + Level 2.9 Throwing
 + Level 2.1 Dodging
 * Level 8.7 Stealth


You had 4 spell levels left.
You didn't know any spells.
Your spell library was empty.

Dungeon Overview and Level Annotations

Branches:
Dungeon (4/15)
 Temple: D:4-7

Altars:


Innate Abilities, Weirdness & Mutations

You are very small and have problems with some larger weapons.
You are too small for most types of armour.
You have supernaturally acute eyesight. (SInv)
You are a herbivore.
You cover ground extremely quickly.
You need to consume almost no food.


Message History

The poisoned needle closely misses the orc priest.
The orc priest mumbles some strange prayers to Beogh against you.
Beogh smites you!
Ouch! That really hurt!
Firing (i - inventory. (/) - cycle)
e - 20 poisoned needles (quivered)
Press: ? - help, Shift-Dir - straight line, p - orc priest
Okay, then.
The orc priest invokes the aid of Beogh against you.
Beogh smites you!
* * * LOW HITPOINT WARNING * * *
It was a potion of resistance.
You feel protected.
It was a potion of flight.
You feel very buoyant.
You fly up into the air.
It was a potion of magic.
Magic courses through your body.
It was a potion of curing.
You feel better.
The orc priest mumbles some strange prayers to Beogh against you.
Pain shoots through your body!
You die...

########### ##### #.........#
#### ....# #.@.......# #... ....#
+.........# #... ....#
#.....(...# #... ....#
######.........########.
##########....###.....###....####
.####...##......#o....+.......#..
................#.....#.......#..
................'.....#.......'..
................#.....#.......#..


You could see an orc priest.

Vanquished Creatures
  A jelly (D:4)
  Jessica (D:2)
  5 adders
  A worm (D:4)
  3 dart slugs
  2 leopard geckos (D:2)
  An orc (D:4)
  A giant cockroach (D:3)
  7 goblins
  5 hobgoblins
  8 jackals
  2 quokkas
  A ball python (D:4)
  5 bats
  4 frilled lizards
  7 kobolds
  6 rats
60 creatures vanquished.

Notes
Turn   | Place    | Note
-------+----------+-------------------------------------------
     0 | D:1      | Marcoleric the Spriggan Assassin began the quest for the Orb.
     0 | D:1      | Reached XP level 1. HP: 10/10 MP: 2/2
    26 | D:1      | Reached skill level 6 in Stealth
   376 | D:1      | Reached XP level 2. HP: 12/15 MP: 3/3
   504 | D:1      | Reached skill level 7 in Stealth
   920 | D:2      | Reached XP level 3. HP: 12/18 MP: 4/4
  1731 | D:2      | Reached XP level 4. HP: 20/23 MP: 5/5
  2176 | D:2      | Noticed Jessica
  2199 | D:2      | Killed Jessica
  2199 | D:2      | Reached skill level 8 in Stealth
  3701 | D:4      | Reached XP level 5. HP: 26/26 MP: 6/6
  3784 | D:4      | HP: 1/26 [orc priest/divine providence (11)]
  3789 | D:4      | Killed from afar by an orc priest

Skill      XL: |  1  2  3  4 |
---------------+-------------+-----
Stealth        | 6 7 8 |  8.7
Fighting       | 2 |  2.0
Dodging        | 2 |  2.1
Short Blades   | |  2.6
Throwing       | |  2.9

Action                   |  1- 3 |  4- 6 || total
-------------------------+-------+-------++-------
Melee: Dagger            |    98 |    37 ||   135
 Fire: Blowgun           |    12 |    40 ||    52
  Use: Scroll            |     7 |       ||     7
       Potion            |     1 |     5 ||     6
 Stab: Sleeping          |    10 |     8 ||    18
       Distracted        |     2 |       ||     2
Armor: Robe              |    13 |     8 ||    21
Dodge: Dodged            |    64 |    32 ||    96
